 Dungeon Crawl Stone Soup version 0.29-a0-529-gfa20dd96a1 (webtiles) character file.

Game seed: 3791879028739425367

2219 EnronHubbard the Fighter (level 9, -10/129 HPs)
             Began as a Meteoran Berserker on June 1, 2022.
             Was an Elder of Trog.
             Mangled by an ogre
             ... wielding a +0 giant spiked club
              (16 damage)
             ... on level 7 of the Dungeon.
             The game lasted 00:13:34 (2360 turns).

EnronHubbard the Fighter (Meteoran Berserker)       Turns: 2360, Time: 00:13:35

Health: -10/129    AC: 10    Str: 24    XL:     9   Next: 92%
Magic:  10/10      EV:  9    Int:  9    God:    Trog [****..]
Gold:   218        SH:  0    Dex: 13    Spells: 8/8 levels left

rFire   . . .      SeeInvis .   o - +7 Throatcutter {drain, coup de grace}
rCold   . . .      Faith    .   (no shield)
rNeg    . . .      Spirit   .   m - +0 chain mail
rPois   .          Reflect  .   i - +0 helmet
rElec   .          Harm     .   (no cloak)
rCorr   .          Rampage  .   (no gloves)
Will    +....                   (no boots)
Stlth   ..........              e - amulet of regeneration
HPRegen 1.11/turn               (no ring)
MPRegen 0.12/turn               (no ring)

@: berserking, glowing, very quick
A: sense surroundings 2, otherworldly, glowing, explore regen
a: Renounce Religion, Berserk, Trog's Hand, Brothers in Arms


You were on level 7 of the Dungeon.
You worshipped Trog.
Trog was greatly pleased with you.
You visited 1 branch of the dungeon, and saw 7 of its levels.
You also visited: Ossuary.

You collected 218 gold pieces.

Inventory:

Hand Weapons
 a - a +0 hand axe
 k - a +0 war axe
 o - the +7 Throatcutter (weapon) {drain, coup de grace}
   (You found it on level 4 of the Dungeon)

   A truly terrible weapon, it drains the life of any living foe it strikes.
   It may instantly kill foes which have little health.
 B - a +3 short sword of electrocution
Missiles
 c - 9 boomerangs (quivered)
 n - 27 poisoned darts
 y - 2 silver boomerangs
Armour
 i - a +0 helmet (worn)
 m - a +0 chain mail (worn)
Jewellery
 e - an amulet of regeneration (around neck)
Wands
 u - a wand of polymorph (15)
 v - a wand of flame (17)
 w - a wand of charming (8)
 D - a wand of digging (6)
Scrolls
 b - a scroll of enchant weapon {unknown}
 j - a scroll of fear {unknown}
 l - 2 scrolls of teleportation {unknown}
 p - a scroll of immolation {unknown}
 s - 2 scrolls of enchant armour {unknown}
 t - 3 scrolls of noise {unknown}
 x - a scroll of vulnerability {unknown}
Potions
 d - a potion of ambrosia
 f - a potion of attraction {unknown}
 g - 3 potions of flight
 h - a potion of haste
 q - 4 potions of curing
 r - a potion of might {unknown}
 z - a potion of lignification {unknown}
 A - a potion of mutation


   Skills:
 + Level 10.8 Fighting
 - Level 7.7 Axes
 - Level 4.0 Armour
 - Level 2.4 Dodging
 - Level 5.0 Evocations


You had 8 spell levels left.
You didn't know any spells.
Your spell library was empty.

Dungeon Overview and Level Annotations

Branches:
Dungeon (7/15)             Temple (0/1) D:5         Ossuary (visited)

Altars:
Elyvilon

Shops:
D:5 (


Innate Abilities, Weirdness & Mutations

You passively map the area around you.
You are easily found by Zot.
You glow in the dark.
You regain HP and MP as you explore.


Message History

The steam dragon claws you. The steam dragon closely misses you.
The steam dragon claws you.
You take 12 damage, and have 69/86 hp.
You slash the steam dragon! The steam dragon breathes steam at you.
The ball of steam hits you!!
You take 18 damage, and have 51/86 hp.
MASSIVE DAMAGE!!
The steam dragon bites you.
The steam dragon claws you but does no damage.
You take 3 damage, and have 48/86 hp.
You closely miss the steam dragon. The steam dragon closely misses you.
The steam dragon barely misses you.
You regained 2 hp, and now have 50/86 hp.
The ogre attacks as you move away! The ogre hits you but does no damage.
The steam dragon barely misses you. The steam dragon claws you.
You hit the steam dragon. You drain the steam dragon.
The steam dragon bites you. The steam dragon misses you.
The ogre hits you with a +0 giant spiked club.
The steam dragon bites you but does no damage.
The steam dragon barely misses you.
You take 2 damage, and have 48/86 hp.
You closely miss the steam dragon.
The ogre hits you with a +0 giant spiked club!
The steam dragon bites you. The steam dragon barely misses you.
You take 9 damage, and have 39/86 hp.
You hit the steam dragon but do no damage.
The steam dragon bites you. The steam dragon barely misses you.
The ogre hits you with a +0 giant spiked club!!
* * * LOW HITPOINT WARNING * * *
The steam dragon misses you.
The steam dragon claws you but does no damage.
You take 36 damage, and have 3/86 hp.
MASSIVE DAMAGE!!
A red film seems to cover your vision as you go berserk!
You feel yourself moving faster!
You feel mighty! The steam dragon breathes steam at you.
The ball of steam misses you.
The ogre hits you with a +0 giant spiked club!
You die...

, , , , , * * , .........+
* ,#............# # * * *
, ,#............####.., *
* #..................
#................, , ,
+#+#.............., , ,
..............$D##########
*
...............O@........#
.................§.......#
,
....##'######.....§......#
, ######.# #............#
* * #.# ###..........#
######'########..........#
.........................#
.........................#
...............###########


You could see a steam dragon (catching breath, drained) and an ogre.

Vanquished Creatures
  2 wraiths (Ossuary)
  Duvessa (D:6)
  2 water moccasins
  A sky beast (D:7)
  A black bear (D:5)
  An ogre (D:4)
  2 phantoms (D:5)
  3 kobold brigands
  A scorpion (D:6)
  A necrophage (D:6)
  2 wights (Ossuary)
  Dowan (D:6)
  4 killer bees (D:7)
  3 orc priests
  2 hounds
  2 jellies
  3 iguanas (D:5)
  Natasha (D:2)
  An orc wizard (D:6)
  A mummy (D:5)
  7 adders
  A white imp (D:7)
  An adder zombie (Ossuary)
  A worm (D:2)
  4 dart slugs
  23 orcs
  7 ball pythons
  4 endoplasms
  2 giant cockroaches
  2 goblins
  5 hobgoblins
  4 jackals (D:4)
  2 bats (D:1)
  3 frilled lizards (D:1)
  2 hobgoblin skeletons (Ossuary)
  2 hobgoblin zombies (Ossuary)
  15 kobolds
  A kobold zombie (Ossuary)
  2 orc skeletons (Ossuary)
  2 orc zombies (Ossuary)
  4 rats
129 creatures vanquished.

Vanquished Creatures (others)
  A killer bee (D:7)
1 creature vanquished.

Grand Total: 130 creatures vanquished

Notes
Turn   | Place    | Note
-------+----------+-------------------------------------------
     0 | D:1      | EnronHubbard the Meteoran Berserker began the quest for the
                  | Orb.
     0 | D:1      | Reached XP level 1. HP: 19/19 MP: 2/2
    52 | D:1      | Reached XP level 2. HP: 26/26 MP: 3/3
    68 | D:1      | Found a faded altar of an unknown god.
   123 | D:1      | Reached XP level 3. HP: 31/31 MP: 4/4
   232 | D:2      | Noticed Natasha
   237 | D:2      | Killed Natasha
   238 | D:2      | Reached skill level 5 in Axes
   238 | D:2      | Reached XP level 4. HP: 30/38 MP: 5/5
   273 | D:2      | Found Ocwawne's Armour Shop.
   334 | D:2      | Reached ** piety under Trog
   635 | D:4      | Found the +7 Throatcutter {drain, coup de grace}
   635 | D:4      | Noticed a kobold brigand
   635 | D:4      | Noticed a kobold brigand
   645 | D:4      | Killed a kobold brigand
   646 | D:4      | Reached XP level 5. HP: 45/45 MP: 6/6
   652 | D:4      | Killed a kobold brigand
   653 | D:4      | Reached XP level 6. HP: 51/51 MP: 7/7
   742 | D:3      | Found a white marble altar of Elyvilon.
   986 | D:4      | Noticed an ogre
   991 | D:4      | Killed an ogre
   992 | D:4      | Reached skill level 4 in Fighting
   992 | D:4      | Reached XP level 7. HP: 60/60 MP: 8/8
  1192 | D:5      | Entered Level 5 of the Dungeon
  1196 | D:5      | Reached skill level 5 in Fighting
  1196 | D:5      | Reached *** piety under Trog
  1215 | D:5      | Reached skill level 6 in Fighting
  1282 | D:5      | Found a staircase to the Ecumenical Temple.
  1313 | D:5      | Reached XP level 8. HP: 65/71 MP: 9/9
  1365 | D:5      | Reached skill level 7 in Fighting
  1365 | D:5      | Found Xowid's Weapon Emporium.
  1417 | D:5      | Found a sand-covered staircase.
  1422 | Ossuary  | Entered an ossuary
  1470 | Ossuary  | Noticed a wraith
  1470 | Ossuary  | Noticed a flying skull
  1500 | Ossuary  | Reached skill level 8 in Fighting
  1511 | Ossuary  | Noticed a flying skull
  1512 | Ossuary  | Noticed a wraith
  1516 | Ossuary  | Killed a wraith
  1553 | Ossuary  | Noticed a wraith
  1556 | Ossuary  | Killed a wraith
  1599 | Ossuary  | Gained mutation: You passively map the area around you.
                  | [Meteoran growth]
  1599 | Ossuary  | Reached XP level 9. HP: 80/82 MP: 10/10
  1822 | D:5      | Reached skill level 9 in Fighting
  1858 | D:5      | Reached **** piety under Trog
  1967 | D:6      | Noticed Duvessa
  1967 | D:6      | Noticed Dowan
  1976 | D:6      | Killed Dowan
  1986 | D:6      | Killed Duvessa
  2079 | D:6      | Reached skill level 10 in Fighting
  2079 | D:6      | Reached skill level 1 in Evocations
  2211 | D:7      | Reached skill level 5 in Evocations
  2359 | D:7      | HP: 3/86 [ogre/+0 giant spiked club (31)]
  2360 | D:7      | Mangled by an ogre

Illustrated notes

Levels and vault maps discovered:
D:1:      dpeg_arrival_shrine, layout_basic, shapermc_ecumenical_altar_venn,
          palyth_stone_intersect
D:2:      layout_basic, serial_shops, shop_fountains, chequers_arboretum,
          minmay_diced_spiral, uniq_natasha, uniq_jessica
D:3:      layout_basic, nicolae_elyvilon_temple_path, minmay_pentangle
D:4:      layout_gridville, dilly_guarded_unrand_throatcut
D:5:      layout_basic, minmay_temple_entry_arrows, nicolae_ossuary_entry_giza,
          grunt_ministairs_10, glass_columns_c, nicolae_stop_n_shop_1,
          nicolae_figureground_pulse
D:6:      layout_gridville, nicolae_overflow_squiral, uniq_duvessa
D:7:      layout_basic, minmay_misc_feat_four_crosses, uniq_pikel,
          uniq_crazy_yiuf_cottage, uniq_prince_ribbit1

Skill      XL: |  1  2  3  4  5  6  7  8  9 |
---------------+----------------------------+-----
Axes           | 4 5 7 |  7.7
Fighting       | 4 6 8 10 | 10.8
Armour         | 4 |  4.0
Evocations     | 5 |  5.0
Dodging        | |  2.4

Action                   |  1- 3 |  4- 6 |  7- 9 || total
-------------------------+-------+-------+-------++-------
Melee: Hand axe          |    37 |    29 |       ||    66
       War axe           |       |    24 |       ||    24
       Long sword        |       |    19 |   177 ||   196
       Punch             |       |       |     3 ||     3
Throw: Dart              |       |     1 |       ||     1
Invok: Berserk           |     1 |     2 |     2 ||     5
       Trog's Hand       |       |       |     2 ||     2
Evoke: Wand              |       |       |     1 ||     1
  Use: Scroll            |       |       |     6 ||     6
       Potion            |       |       |     1 ||     1
Armor: Animal skin       |     8 |     4 |       ||    12
       Chain mail        |       |    23 |   112 ||   135
Dodge: Dodged            |    19 |    27 |    92 ||   138

Table legend: (Time is in decaauts)
 A = Elapsed time spent in this place.
 B = Non-inter-level travel time spent in this place.
 C = Inter-level travel time spent in this place.
 D = Time resting spent in this place.
 E = Time spent auto-exploring this place.
 F = Levels seen in this place.
 G = Mean time per level.
                   A        B        C        D        E       F      G
               +--------+--------+--------+--------+--------+-----+--------+
         Total |   2496 |   2479 |     17 |      0 |     56 |   8 |  312.0 |
       Dungeon |   2130 |   2113 |     17 |      0 |      0 |   7 |  304.3 |
       Ossuary |    366 |    366 |      0 |      0 |     56 |   1 |  366.0 |
               +--------+--------+--------+--------+--------+-----+--------+

Top non-repeatable levels by time:
     D:4: 520 daAuts
     D:5: 433 daAuts
 Ossuary: 366 daAuts
     D:3: 287 daAuts
     D:6: 264 daAuts
     D:1: 235 daAuts
     D:2: 197 daAuts
     D:7: 190 daAuts
